 Dungeon Crawl Stone Soup version 0.19.0-2-gae57169 (webtiles) character file.

151 imganon the Chopper (level 5, -8/41 HPs)
             Began as a Demonspawn Berserker on Nov 5, 2016.
             Was a Believer of Trog.
             Killed by divine providence
             ... invoked by an orc priest
              (14 damage)
             ... on level 6 of the Dungeon.
             The game lasted 00:02:39 (1949 turns).

imganon the Chopper (Demonspawn Berserker)          Turns: 1949, Time: 00:02:39

Health: -8/41      AC:  2    Str: 19    XL:     5   Next: 10%
Magic:  5/5        EV: 12    Int:  8    God:    Trog [**....]
Gold:   124        SH:  0    Dex: 12    Spells: 0 memorised, 4 levels left

rFire  . . .     SeeInvis .     a - +0 hand axe
rCold  . . .     Gourm    .     b - +0 animal skin
rNeg   . . .     Faith    .     (no shield)
rPois  .         Spirit   .     (no helmet)
rElec  .         Reflect  .     (no cloak)
rCorr  .         Harm     .     (no gloves)
MR     .....                    (no boots)
Stlth  ++........               m - amulet of regeneration
                                (no ring)
                                (no ring)

@: exhausted
A: claws 1, nightstalker 1
a: Berserk, Trog's Hand, Burn Spellbooks, Renounce Religion


You were on level 6 of the Dungeon.
You worshipped Trog.
Trog was pleased with you.
You were very hungry.

You visited 1 branch of the dungeon, and saw 4 of its levels.

You collected 124 gold pieces.

Inventory:

Hand Weapons
 a - a +0 hand axe (weapon)
Armour
 b - a +0 animal skin (worn)
Jewellery
 m - an amulet of regeneration (around neck)
Scrolls
 e - a scroll of blinking {unknown}
 f - a scroll of teleportation {unknown}
 g - a scroll of identify {unknown}
 l - a scroll of noise {unknown}
 o - a scroll of immolation {unknown}
 p - a scroll of remove curse {unknown}
 q - a scroll of random uselessness {unknown}
 r - 2 scrolls of enchant weapon {unknown}
Potions
 d - a potion of degeneration {unknown}
 h - 3 potions of heal wounds {unknown}
 j - a potion of agility {unknown}
 k - a potion of flight {unknown}
 n - a potion of ambrosia {unknown}
 t - a potion of curing {unknown}
 u - a potion of haste {unknown}
 v - a potion of berserk rage {unknown}
Comestibles
 c - 2 bread rations
 s - a royal jelly
 w - a beef jerky


   Skills:
 - Level 3.0 Fighting
 + Level 5.3 Axes
 - Level 1.7 Armour
 - Level 1.7 Dodging


You had 4 spell levels left.
You didn't know any spells.

Dungeon Overview and Level Annotations

Branches:
Dungeon (3/15)

Altars:
Fedhas


Innate Abilities, Weirdness & Mutations

You have sharp fingernails.
You are slightly more attuned to the shadows.


Message History

The orc priest looks braver for a moment.
The orc priest misses you.
Things that are here:
a dagger; a robe; an orc corpse The orc priest hits you with a morningstar.
The orc priest looks braver for a moment.
The orc priest barely misses you.
All of the chunks of flesh in your inventory have rotted away.
The orc priest closely misses you.
The orc priest hits you with a morningstar!
* * * LOW HITPOINT WARNING * * *
The orc priest barely misses you.
The orc priest invokes the aid of Beogh against you.
Beogh smites you!
* * * LOW HITPOINT WARNING * * *
The orc priest misses you.
You feel yourself speed up.
The orc priest mumbles some strange prayers to Beogh against you.
Beogh smites you!
You die...

#..###...##..####.....
...###...##..# #......
.........#...###......
.........#...##..#....
.......#......#.......
.....#.##....#..#.....
....##.###...#..#.....
...###o# #..#..##...##
... #@.# #.#####.####
.. #.## .# #. #..# ##
#.## .. ###


You could see an orc priest.

Vanquished Creatures
  Terence (D:2)
  An orc wizard (D:6)
  3 adders
  An ooze (D:3)
  3 worms (D:2)
  A dart slug (D:1)
  2 leopard geckos
  2 orcs
  2 giant cockroaches
  7 goblins
  7 hobgoblins
  10 kobolds
  2 quokkas
  2 ball pythons
  4 bats
  2 frilled lizards (D:1)
  5 rats
55 creatures vanquished.

Notes
Turn   | Place    | Note
-------+----------+-------------------------------------------
     0 | D:1      | imganon the Demonspawn Berserker began the quest for the Orb.
     0 | D:1      | Reached XP level 1. HP: 18/18 MP: 1/1
    55 | D:1      | Reached skill level 3 in Axes
    71 | D:1      | Gained mutation: You have sharp fingernails. [demonic ancestry]
    71 | D:1      | Reached XP level 2. HP: 7/24 MP: 2/2
   907 | D:2      | Reached XP level 3. HP: 28/29 MP: 3/3
   983 | D:2      | Found a blossoming altar of Fedhas.
  1059 | D:2      | Noticed Terence
  1068 | D:2      | Killed Terence
  1068 | D:2      | Reached skill level 4 in Axes
  1068 | D:2      | Reached ** piety under Trog
  1176 | D:2      | Reached XP level 4. HP: 17/35 MP: 4/4
  1744 | D:3      | Reached skill level 5 in Axes
  1899 | D:3      | You fall through a shaft for 3 floors!
  1923 | D:6      | Gained mutation: You are slightly more attuned to the shadows. [demonic ancestry]
  1923 | D:6      | Reached XP level 5. HP: 41/41 MP: 5/5
  1949 | D:6      | Killed from afar by an orc priest

Skill      XL: |  1  2  3  4 |
---------------+-------------+-----
Axes           | 3 4 5 |  5.3
Fighting       | |  3.0
Armour         | |  1.7
Dodging        | |  1.7

Action                   |  1- 3 |  4- 6 || total
-------------------------+-------+-------++-------
Melee: Hand axe          |    90 |   104 ||   194
Invok: Berserk           |     2 |     2 ||     4
       Burn Spellbooks   |       |     1 ||     1
  Eat: Chunk             |     3 |     3 ||     6
Armor: Animal skin       |    18 |    12 ||    30
Dodge: Dodged            |    70 |    70 ||   140
